 Dungeon Crawl Stone Soup version 0.15-a0-674-g7948ca6 (webtiles) character file.

595 Herrn the Cudgeler (level 7, -4/41 HPs)
             Began as a Gargoyle Wanderer on May 9, 2014.
             Slain by a goliath beetle (17 damage)
             ... on Level 5 of the Dungeon.
             The game lasted 00:24:03 (5934 turns).

Herrn the Cudgeler (Gargoyle Wanderer)              Turns: 5934, Time: 00:24:03

HP  -4/41        AC 18     Str 18      XL: 7   Next: 40%
MP   0/12        EV 10     Int 11      God:
Gold 194         SH  0     Dex 20      Spells:  1 memorised,  9 levels left

rFire  . . .     SeeInvis .     y - +0 flail
rCold  + . .     Clarity  .     u - +1 plate armour {rC+}
rNeg   + . .     Conserve .     (no shield)
rPois  +         rCorr    .     (no helmet)
rElec  +         rRot     +     (no cloak)
SustAb . .       Spirit   +     q - +0 pair of gloves
rMut   .         Warding  .     (no boots)
Saprov . . .     Stasis   .     v - amulet of guardian spirit
MR     .....                    (no ring)
                                (no ring)

@: mighty, agile, not resistant to hostile enchantments, extremely unstealthy
A: life protection 1, electricity resistance, unbreathing, petrification
resistance, AC +4
a: no special abilities


You were on level 5 of the Dungeon.
You were not hungry.

You visited 1 branch of the dungeon, and saw 5 of its levels.

You collected 194 gold pieces.

Inventory:

Hand weapons
 b - a +0,+0 club
 f - a +2,+0 mace
 y - a +0,+0 flail (weapon)
Armour
 a - a +2 scale mail
 q - a +0 pair of gloves (worn)
 u - a +1 plate armour of cold resistance (worn)
Comestibles
 c - 4 bread rations
 k - a choko
 n - 2 rotting chunks of goblin flesh
 s - a chunk of orc flesh
 t - 2 meat rations
 z - a chunk of ball python flesh
 A - 2 chunks of gnoll flesh
 B - 4 chunks of gnoll flesh
Scrolls
 e - 4 scrolls of remove curse
 g - a scroll of fear {unknown}
 h - a scroll of recharging {unknown}
 i - 3 scrolls of teleportation
 m - 2 scrolls of identify {unknown}
 p - a scroll of enchant weapon I {unknown}
 r - a scroll of amnesia {unknown}
 w - a scroll of fog {unknown}
 x - 2 scrolls of enchant weapon II {unknown}
Jewellery
 v - an amulet of guardian spirit (around neck)
Potions
 d - 2 potions of agility
 j - a potion of haste {unknown}
 l - 2 potions of curing


   Skills:
 * Level 3.5 Fighting
 * Level 4.3 Maces & Flails
   Level 1.0 Crossbows
 + Level 3.8 Armour
 + Level 3.3 Dodging
 - Level 1.1 Stealth
 - Level 2.0 Spellcasting
   Level 1.7 Translocations
   Level 1.0 Ice Magic
   Level 1.0 Evocations


You had 9 spell levels left.
You knew the following spells:

 Your Spells              Type           Power        Failure   Level  Hunger
a - Corona                Hex            #......      100%        1    ##.....


Dungeon Overview and Level Annotations

Branches:
Dungeon (5/15)
 Temple: D:4-7

Altars:
Gozag
Okawaru
Trog
Yredelemnul

Shops:
D:4 *


Innate Abilities, Weirdness & Mutations

You are resistant to torment.
You are immune to poison.
You are immune to rotting.
Your stone body is very resilient (AC +4).
You resist negative energy.
You are resistant to electric shocks.
You can survive without breathing.
You are immune to petrification.


Message History

The goliath beetle bites you!
You sock the goliath beetle!
The goliath beetle is heavily wounded.
You thump the goliath beetle!
The goliath beetle is severely wounded.
The goliath beetle closely misses you.
You hit the goliath beetle.
The goliath beetle is almost dead.
You hit the goliath beetle but do no damage.
The goliath beetle is almost dead.
The goliath beetle closely misses you.
You hit the goliath beetle.
The goliath beetle is almost dead.
You hit the goliath beetle.
The goliath beetle is almost dead.
The goliath beetle bites you!
You completely miss the goliath beetle.
The goliath beetle is almost dead.
The goliath beetle bites you!
You die...

.##########.(.......#
.########.#...#####.##
..........#...........
#########.#..######.##
.....# #.#..#......#
####.# #.#..#.#....#
.###.####.#..#.#.#.##
.............#.#....#
.###.####.##.#..@B..#
.# #.# ##.#..#.#....#
.# #.# #....##.#....#.
.#
#.###...............
.#
#.#....####.######..#
.###.#.#.......... .
...................
.#.##..###########.#
.......# .


You could see a goliath beetle.

Vanquished Creatures
  A centaur (D:5)
  A scorpion (D:4)
  A crimson imp (D:5)
  2 orc priests (D:4)
  A hound (D:4)
  A worker ant (D:5)
  15 adders
  3 gnolls (D:5)
  6 worms
  3 giant geckos
  3 oozes
  8 orcs
  8 bats
  12 goblins
  15 hobgoblins
  4 jackals
  4 quokkas
  2 ball pythons
  4 giant cockroaches
  4 giant newts
  A jackal skeleton (D:4)
  9 kobolds
  A quokka zombie (D:4)
  14 rats
123 creatures vanquished.

Notes
Turn   | Place    | Note
--------------------------------------------------------------
     0 | D:1      | Herrn, the Gargoyle Wanderer, began the quest for the Orb.
     0 | D:1      | Reached XP level 1. HP: 12/12 MP: 3/3
   228 | D:1      | Reached XP level 2. HP: 4/17 MP: 4/4
   832 | D:1      | Reached skill level 1 in Dodging
  1008 | D:1      | Reached XP level 3. HP: 14/21 MP: 6/6
  1141 | D:1      | Reached skill level 1 in Maces & Flails
  1723 | D:2      | Reached XP level 4. HP: 19/26 MP: 7/7
  1819 | D:2      | Found an iron altar of Okawaru.
  1820 | D:2      | Found a basalt altar of Yredelemnul.
  2494 | D:2      | Reached XP level 5. HP: 31/31 MP: 9/9
  3805 | D:4      | Noticed a moth of wrath
  3806 | D:4      | Found a bloodstained altar of Trog.
  3931 | D:4      | Got a dazzling cutlass
  3935 | D:4      | Identified the cursed -2,+0 cutlass "Beatz" {antimagic, rC+ Stlth+} (You found it on level 4 of the Dungeon)
  4265 | D:4      | Reached XP level 6. HP: 36/36 MP: 10/10
  4918 | D:4      | Found Gozag's Nutrition Petition.
  4918 | D:4      | Found an opulent altar of Gozag.
  5145 | D:4      | Reached skill level 3 in Dodging
  5384 | D:5      | Entered Level 5 of the Dungeon
  5411 | D:5      | Reached skill level 4 in Maces & Flails
  5411 | D:5      | Reached XP level 7. HP: 21/41 MP: 9/12
  5934 | D:5      | Slain by a goliath beetle

Action                   |  1- 3 |  4- 6 |  7- 9 || total
-------------------------+-------+-------+-------++-------
Melee: Club              |   270 |   544 |       ||   814
       Mace              |       |   119 |   105 ||   224
       Flail             |       |       |    12 ||    12
  Use: Potion            |       |     7 |     2 ||     9
       Scroll            |       |     2 |       ||     2
